 Dungeon Crawl Stone Soup version 0.28.0-45-g0d030f2227 (webtiles) character file.

Game seed: 3514149091487191170

59 Andrea the Magician (level 3, 0/19 HPs)
             Began as a Deep Elf Hedge Wizard on Apr 8, 2022.
             Slain by an orc
             ... wielding a +0 mace
              (7 damage)
             ... on level 3 of the Dungeon.
             The game lasted 00:03:02 (2544 turns).

Andrea the Magician (Deep Elf Hedge Wizard)         Turns: 2544, Time: 00:03:03

Health: 0/19       AC:  2    Str:  9    XL:     3   Next: 78%
Magic:  10/12      EV: 12    Int: 18    God:
Gold:   44         SH:  0    Dex: 14    Spells: 3/14 levels left

rFire   . . .      SeeInvis .   a - +0 dagger
rCold   . . .      Faith    .   (no shield)
rNeg    . . .      Spirit   .   b - +0 robe
rPois   .          Reflect  .   c - +0 hat
rElec   .          Harm     .   (no cloak)
rCorr   .          Rampage  .   (no gloves)
Will    .....                   (no boots)
Stlth   ++........              (no amulet)
HPRegen 0.06/turn               (no ring)
MPRegen 0.13/turn               (no ring)

@: on blink cooldown
A: no striking features
a: no special abilities


You were on level 3 of the Dungeon.
You visited 1 branch of the dungeon, and saw 3 of its levels.

You collected 44 gold pieces.

Inventory:

Hand Weapons
 a - a +0 dagger (weapon)
Missiles
 j - 4 poisoned darts
Armour
 b - a +0 robe (worn)
 c - a +0 hat (worn)
Jewellery
 h - a ring of flight
Scrolls
 d - 6 scrolls of identify {unknown}
 e - a scroll of vulnerability {unknown}
 f - a scroll of amnesia {unknown}
Potions
 g - a potion of heal wounds {unknown}
 i - a potion of lignification {unknown}
 k - a potion of haste {unknown}
 l - a potion of flight {unknown}


   Skills:
 + Level 0.1 Fighting
 - Level 2.4 Dodging
 - Level 2.4 Stealth
 + Level 6.0 Spellcasting
 * Level 2.3 Conjurations
 - Level 1.1 Summonings
 - Level 1.1 Translocations


You had 3 spell levels left.
You knew the following spells:

 Your Spells              Type           Power      Damage    Failure   Level
a - Magic Dart            Conj           52%        1d5       4%          1
b - Call Imp              Summ           9%         N/A       12%         2
c - Mephitic Cloud        Conj/Pois/Air  8%         N/A       26%         3
d - Conjure Flame         Conj/Fire      9%         6-21      22%         3
e - Blink                 Tloc           18%        N/A       12%         2

Your spell library contained the following spells:

 Spells                   Type           Power      Damage    Failure   Level
 Searing Ray              Conj           26%        2d5       7%          2
 Slow                     Hex            20%        N/A       12%         1
 Corpse Rot               Necr/Air       10%        N/A       19%         2
 Poisonous Vapours        Pois/Air       10%        N/A       19%         2
 Fulminant Prism          Conj/Hex       4%         3d6       58%         4


Dungeon Overview and Level Annotations

Branches:
Dungeon (2/15)

Altars:


Message History

Found 16 sling bullets.
Found an escape hatch in the ceiling.
The giant cockroach bites you. The giant cockroach closely misses you.
An orc comes into view. It is wielding a +0 mace.
Found 11 gold pieces.
Found a stone staircase leading down.
The orc shouts!
A ball python comes into view.
The giant cockroach barely misses you. The giant cockroach closely misses you.
The giant cockroach barely misses you. The giant cockroach closely misses you.
The giant cockroach waves its antennae.
The giant cockroach misses you.
The ball python hisses angrily.
The giant cockroach closely misses you. The ball python misses you.
The ball python barely misses you.
There is an escape hatch in the ceiling here.
The giant cockroach closely misses you. The ball python closely misses you.
The ball python grabs you.
You stop ascending the stairs.
The ball python constricts you. The orc barely misses you.
Unknown command.
The ball python's grasp on you weakens, but your attempt to escape fails.
The giant cockroach barely misses you. The ball python closely misses you.
The ball python constricts you. The orc hits you with a +0 mace!
The giant cockroach closely misses you.
Unknown command.
You escape the ball python's grasp.
The orc hits you with a +0 mace.
The ball python bites you but does no damage.
The ball python grabs you.
You stop ascending the stairs.
The ball python constricts you. The rat barely misses you.
The giant cockroach barely misses you.
Unknown command.
Casting: Magic Dart (safe; 4% risk of failure)
Confirm with . or Enter, or press ? or * to list all spells.
You escape the ball python's grasp.
You blink.
The giant cockroach closely misses you.
The giant cockroach waves its antennae.
The giant cockroach closely misses you. The orc hits you with a +0 mace!
You die...

#.. .... #...##.####.####
#...##..r......#
#./.##..###.##.#
#...###.###.#
.##########...###..##.#
......................#
......................#
.............@........#
..............o.......# #
..............B.......###..
..............Sr...........
...........................
#############...$..<.......
#..............
#........$.....
#..............


You could see an orc, a giant cockroach, a ball python and a rat.

Vanquished Creatures
  An adder (D:2)
  A dart slug (D:1)
  5 endoplasms (D:1)
  2 giant cockroaches
  5 goblins
  A hobgoblin (D:1)
  3 jackals (D:2)
  A quokka (D:1)
  6 ball pythons
  5 bats
  2 frilled lizards (D:1)
  6 kobolds
  9 rats (D:1)
47 creatures vanquished.

Notes
Turn   | Place    | Note
-------+----------+-------------------------------------------
     0 | D:1      | Andrea the Deep Elf Hedge Wizard began the quest for the
                  | Orb.
     0 | D:1      | Reached XP level 1. HP: 10/10 MP: 7/7
   139 | D:1      | Reached skill level 5 in Spellcasting
   144 | D:1      | Reached XP level 2. HP: 12/15 MP: 3/10
   950 | D:1      | Reached XP level 3. HP: 19/19 MP: 8/12
   953 | D:1      | Learned a level 2 spell: Call Imp
   957 | D:1      | Learned a level 3 spell: Mephitic Cloud
   961 | D:1      | Learned a level 3 spell: Conjure Flame
   964 | D:1      | Learned a level 2 spell: Blink
  1885 | D:2      | Found a faded altar of an unknown god.
  1913 | D:2      | Reached skill level 6 in Spellcasting
  2503 | D:2      | You fall into a shaft and drop 1 floor!
  2544 | D:3      | Slain by an orc

Illustrated notes

Levels and vault maps discovered:
D:1:      onia_arrival_handbag, layout_loops_ring, minmay_pentomino_z2
D:2:      layout_basic, hellmonk_ecumenical_altar_heavens_door
D:3:      layout_basic, patterned_corridor

Skill      XL: |  1  2  3 |
---------------+----------+-----
Spellcasting   | 5 6 |  6.0
Conjurations   | 2 |  2.3
Fighting       | |  0.1
Dodging        | |  2.4
Stealth        | |  2.4
Summonings     | |  1.1
Translocations | |  1.1

Action                   || total
-------------------------++-------
Melee: Dagger            ||     2
 Cast: Magic Dart        ||   119
       Blink             ||     1
Armor: Robe              ||     7
Dodge: Dodged            ||    30
